IL
SYRACUSE CHIEFS @ SCRANTON WB RAILRIDERS
09/03/2099
 
TOP OF THE 1ST
Syracuse Chiefs batting - Pitching for Scranton WB RailRiders : RHP Elijah Wood
Pitching: RHP Elijah Wood
Batting: LHB Tom Monroe 0-0: Ball
1-0: Ball
2-0: Called Strike
2-1: Ball
3-1: Swinging Strike
3-2: Foul Ball, location: 25F
3-2: SINGLE (Line Drive, 89S, EV 105.6 MPH)
Batting: RHB Omar Flores 0-0: Ball
1-0: SINGLE (Groundball, 6S, EV 67.5 MPH) (infield hit)
Tom Monroe to second
Batting: LHB Jesus Medrano 0-0: Foul Ball, location: 2F
0-1: Swinging Strike
0-2: Foul Ball, location: 2F
0-2: Single, Error in OF, E8, batter to second base (Groundball, 6MD, EV 95.0 MPH)
Tom Monroe scores
Omar Flores to third
Batting: RHB Ryan Carey 0-0: Ball
1-0: Fly out, F6 (Popup, 6MD, EV 60.6 MPH)
Batting: RHB Mike Hoffman 0-0: Swinging Strike
0-1: Called Strike
0-2: Foul Ball, location: 7LSF
0-2: Ball
1-2: Foul Ball, location: 9LDF
1-2: Ball
2-2: SINGLE (Flyball, 8RS, EV 99.4 MPH)
Omar Flores scores
Jesus Medrano to third
Runner from 3rd tries for Home, SAFE, throw by CF to home
Batting: RHB Steve Miles 0-0: Called Strike
0-1: Foul Ball, location: 3F
0-2: Strikes out looking
Batting: LHB Gene Ratcliff 0-0: Called Strike
0-1: Ball
1-1: Called Strike
1-2: Ground out 4-3 (Groundball, 4MD, EV 103.8 MPH)
Top of the 1st over - 3 runs, 4 hits, 1 error, 1 left on base; Syracuse 3 - Scranton WB 0
BOTTOM OF THE 1ST
Scranton WB RailRiders batting - Pitching for Syracuse Chiefs : LHP Manny Arellano
Pitching: LHP Manny Arellano
Batting: LHB Ricky Delgado 0-0: Ball
1-0: Ball
2-0: Ball
3-0: Base on Balls
Batting: RHB David Shamp 0-0: Called Strike
0-1: Foul Ball, location: 9LMF
0-2: Ball
1-2: Strikes out looking
Batting: RHB Jared Brown 0-0: Swinging Strike
0-1: Foul Ball, location: 25F
0-2: Fielders Choice at 2nd, 1-6 (Groundball, 13S, EV 66.9 MPH)
Batting: LHB Ricky Nieto 0-0: Called Strike
0-1: Ball
1-1: Called Strike
1-2: Strikes out looking
Bottom of the 1st over - 0 runs, 0 hits, 0 errors, 1 left on base; Syracuse 3 - Scranton WB 0
TOP OF THE 2ND
Syracuse Chiefs batting - Pitching for Scranton WB RailRiders : RHP Elijah Wood
Batting: RHB Faical Giraldes 0-0: Ball
1-0: Ball
2-0: Ground out 6-3 (Groundball, 56, EV 91.3 MPH)
Batting: RHB Brandon Blankenship 0-0: Swinging Strike
0-1: Swinging Strike
0-2: Strikes out swinging
Batting: LHB Tom Monroe 0-0: Ball
1-0: Foul Ball, location: 7LMF
1-1: Foul Ball, location: 2F
1-2: Ball
2-2: Ball
3-2: Ground out U3 (Groundball, 3, EV 85.6 MPH)
Top of the 2nd over - 0 runs, 0 hits, 0 errors, 0 left on base; Syracuse 3 - Scranton WB 0
BOTTOM OF THE 2ND
Scranton WB RailRiders batting - Pitching for Syracuse Chiefs : LHP Manny Arellano
Batting: LHB Danny Grimes 0-0: Called Strike
0-1: Fly out, F9 (Flyball, 9, EV 86.3 MPH)
Batting: RHB Jeremy Boland 0-0: Ball
1-0: Called Strike
1-1: Ball
2-1: Ball
3-1: Foul Ball, location: 9LSF
3-2: Foul Ball, location: 3FF
3-2: Base on Balls
Batting: LHB Jesus Canales 0-0: Called Strike
0-1: Foul Ball, location: 7LSF
0-2: Ball
1-2: Ball
2-2: Foul Ball, location: 2F
2-2: Strikes out swinging
Batting: RHB Ryan Ginsburg 0-0: Fly out, F8 (Flyball, 8LM, EV 78.1 MPH)
Bottom of the 2nd over - 0 runs, 0 hits, 0 errors, 1 left on base; Syracuse 3 - Scranton WB 0
TOP OF THE 3RD
Syracuse Chiefs batting - Pitching for Scranton WB RailRiders : RHP Elijah Wood
Batting: RHB Omar Flores 0-0: Foul Ball, location: 9LSF
0-1: Ball
1-1: Ground out 4-3 (Groundball, 4, EV 89.4 MPH)
Batting: LHB Jesus Medrano 0-0: Ball
1-0: Called Strike
1-1: Called Strike
1-2: Strikes out swinging
Batting: RHB Ryan Carey 0-0: Ball
1-0: Called Strike
1-1: Ground out 5-3 (Groundball, 56, EV 106.9 MPH)
Top of the 3rd over - 0 runs, 0 hits, 0 errors, 0 left on base; Syracuse 3 - Scranton WB 0
BOTTOM OF THE 3RD
Scranton WB RailRiders batting - Pitching for Syracuse Chiefs : LHP Manny Arellano
Batting: RHB Matt Null 0-0: SINGLE (Line Drive, 5D, EV 100.0 MPH)
Batting: LHB Ricky Delgado 0-0: Ball
1-0: Ball
2-0: Ball
3-0: Called Strike
3-1: Base on Balls
Matt Null to second
Batting: RHB David Shamp 0-0: Ball
Passed Ball!
Matt Null to third
Ricky Delgado to second
1-0: Ball
2-0: DOUBLE (Groundball, 5L, EV 102.5 MPH)
Matt Null scores
Ricky Delgado scores
Batting: RHB Jared Brown 0-0: Ball
1-0: Foul Ball, location: 2F
1-1: Swinging Strike
1-2: Ball
2-2: SINGLE (Groundball, 4MD, EV 105.0 MPH)
David Shamp to third
Runner from 3rd tries for Home, SAFE, throw by CF to home
Batting: LHB Ricky Nieto 0-0: Called Strike
0-1: Called Strike
0-2: Ball
1-2: Strikes out swinging
Batting: LHB Danny Grimes 0-0: Called Strike
0-1: Ball
1-1: Foul Ball, location: 25F
1-2: DOUBLE (Line Drive, 8RXD, EV 96.9 MPH)
Jared Brown to third
Runner from 3rd tries for Home, SAFE, throw by CF to home
Batting: RHB Jeremy Boland 0-0: Fly out, F7 (Flyball, 78D, EV 96.9 MPH)
Batting: LHB Jesus Canales 0-0: Swinging Strike
0-1: Swinging Strike
0-2: Foul Ball, location: 2F
0-2: Foul Ball, location: 7LSF
0-2: Foul Ball, location: 2F
0-2: Strikes out swinging
Bottom of the 3rd over - 4 runs, 4 hits, 0 errors, 1 left on base; Syracuse 3 - Scranton WB 4
TOP OF THE 4TH
Syracuse Chiefs batting - Pitching for Scranton WB RailRiders : RHP Elijah Wood
Batting: RHB Mike Hoffman 0-0: Called Strike
0-1: Ball
1-1: Swinging Strike
1-2: Foul Ball, location: 9LMF
1-2: Ball
2-2: Foul Ball, location: 2F
2-2: Ground out 1-3 (Groundball, 15S, EV 73.8 MPH)
Batting: RHB Steve Miles 0-0: Swinging Strike
0-1: Foul Ball, location: 2F
0-2: Ball
1-2: Foul Ball, location: 23F
1-2: Ball
2-2: Foul Ball, location: 9LMF
2-2: Ground out 4-3 (Groundball, 4, EV 84.4 MPH)
Batting: LHB Gene Ratcliff 0-0: Ball
1-0: Called Strike
1-1: Foul Ball, location: 25F
1-2: Ground out U3 (Groundball, 3L, EV 81.3 MPH)
Top of the 4th over - 0 runs, 0 hits, 0 errors, 0 left on base; Syracuse 3 - Scranton WB 4
BOTTOM OF THE 4TH
Scranton WB RailRiders batting - Pitching for Syracuse Chiefs : LHP Manny Arellano
Batting: RHB Ryan Ginsburg 0-0: Foul Ball, location: 5F
0-1: Called Strike
0-2: Ground out 4-3 (Groundball, 34, EV 103.1 MPH)
Batting: RHB Matt Null 0-0: Ball
1-0: Fly out, F8 (Flyball, 8RS, EV 86.9 MPH)
Batting: LHB Ricky Delgado 0-0: Ball
1-0: Ball
2-0: Ball
3-0: Called Strike
3-1: Base on Balls
Batting: RHB David Shamp 0-0: Ball
1-0: Called Strike
1-1: Swinging Strike
1-2: Foul Ball, location: 2F
1-2: Strikes out swinging
Bottom of the 4th over - 0 runs, 0 hits, 0 errors, 1 left on base; Syracuse 3 - Scranton WB 4
TOP OF THE 5TH
Syracuse Chiefs batting - Pitching for Scranton WB RailRiders : RHP Elijah Wood
Batting: RHB Faical Giraldes 0-0: Swinging Strike
0-1: Ball
1-1: Ball
2-1: Called Strike
2-2: Strikes out swinging
Batting: RHB Brandon Blankenship 0-0: SINGLE (Flyball, 89S, EV 89.4 MPH)
Batting: LHB Tom Monroe 0-0: Ball
1-0: Called Strike
1-1: Swinging Strike
1-2: Ball
2-2: Fly out, F5 (Line Drive, 56, EV 63.8 MPH)
Batting: RHB Omar Flores 0-0: Ball
1-0: Foul Ball, location: 9LSF
1-1: Ball
Brandon Blankenship is caught stealing 2nd base 2-4
Top of the 5th over - 0 runs, 1 hit, 0 errors, 0 left on base; Syracuse 3 - Scranton WB 4
BOTTOM OF THE 5TH
Scranton WB RailRiders batting - Pitching for Syracuse Chiefs : LHP Manny Arellano
Batting: RHB Jared Brown 0-0: Called Strike
0-1: Foul Ball, location: 9LDF
0-2: Strikes out looking
Batting: LHB Ricky Nieto 0-0: Ball
1-0: Called Strike
1-1: Foul Ball, location: 7LDF
1-2: Fly out, F5 (Popup, 5SF, EV 71.9 MPH)
Batting: LHB Danny Grimes 0-0: Ground out 4-3 (Groundball, 4, EV 78.1 MPH)
Bottom of the 5th over - 0 runs, 0 hits, 0 errors, 0 left on base; Syracuse 3 - Scranton WB 4
TOP OF THE 6TH
Syracuse Chiefs batting - Pitching for Scranton WB RailRiders : RHP Elijah Wood
Batting: RHB Omar Flores 0-0: Ball
1-0: Foul Ball, location: 23F
1-1: Ball
2-1: Called Strike
2-2: Fly out, F8 (Line Drive, 8LD, EV 105.6 MPH)
Batting: LHB Jesus Medrano 0-0: Called Strike
0-1: Foul Ball, location: 3DF
0-2: Strikes out swinging
Batting: RHB Ryan Carey 0-0: Called Strike
0-1: Ball
1-1: Called Strike
1-2: Ball
2-2: Ball
3-2: DOUBLE (Flyball, 78XD, EV 101.9 MPH)
Batting: RHB Mike Hoffman 0-0: Ball
1-0: Ball
2-0: Ball
3-0: Base on Balls
Batting: RHB Steve Miles 0-0: Ball
1-0: Foul Ball, location: 3F
1-1: Foul Ball, location: 2F
1-2: Strikes out swinging
Top of the 6th over - 0 runs, 1 hit, 0 errors, 2 left on base; Syracuse 3 - Scranton WB 4
BOTTOM OF THE 6TH
Scranton WB RailRiders batting - Pitching for Syracuse Chiefs : LHP Manny Arellano
Batting: RHB Jeremy Boland 0-0: Ball
1-0: DOUBLE (Line Drive, 89D, EV 107.5 MPH)
Batting: LHB Jesus Canales 0-0: Foul Ball, location: 2F
0-1: Ball
1-1: Ball
2-1: Called Strike
2-2: Ball
3-2: Ground out 1-3 (Groundball, 23, EV 62.5 MPH)
Batting: RHB Ryan Ginsburg 0-0: Ball
1-0: Ground out 5-3 (Groundball, 56, EV 91.9 MPH)
Batting: RHB Matt Null 0-0: Called Strike
0-1: SINGLE (Line Drive, 9LS, EV 95.0 MPH)
Jeremy Boland to third
Batting: LHB Ricky Delgado 0-0: Called Strike
0-1: Ball
1-1: Swinging Strike
1-2: Strikes out swinging
Bottom of the 6th over - 0 runs, 2 hits, 0 errors, 2 left on base; Syracuse 3 - Scranton WB 4
TOP OF THE 7TH
Syracuse Chiefs batting - Pitching for Scranton WB RailRiders : RHP Elijah Wood
Batting: LHB Gene Ratcliff 0-0: SINGLE (Groundball, 4MS, EV 74.4 MPH) (infield hit)
Batting: RHB Faical Giraldes 0-0: Called Strike
0-1: Ball
1-1: Bunted foul
1-2: Grounds into double play, 5-4-3 (Groundball, 5L, EV 106.9 MPH)
Batting: RHB Brandon Blankenship 0-0: Ball
1-0: Called Strike
1-1: SINGLE (Groundball, 6MD, EV 93.8 MPH)
Batting: LHB Tom Monroe 0-0: Foul Ball, location: 2F
0-1: Foul Ball, location: 5F
0-2: Foul Ball, location: 2F
0-2: Ball
1-2: Fielders Choice at 2nd, 5-4 (Groundball, 5, EV 88.1 MPH)
Top of the 7th over - 0 runs, 2 hits, 0 errors, 1 left on base; Syracuse 3 - Scranton WB 4
BOTTOM OF THE 7TH
Scranton WB RailRiders batting - Pitching for Syracuse Chiefs : LHP Manny Arellano
Batting: RHB David Shamp 0-0: Ball
1-0: Ball
2-0: Ball
3-0: Called Strike
3-1: Foul Ball, location: 9LMFF
3-2: Foul Ball, location: 2F
3-2: Foul Ball, location: 9LMF
3-2: Foul Ball, location: 2F
3-2: Base on Balls
Batting: RHB Jared Brown 0-0: Ball
1-0: Ball
2-0: Grounds into double play, 5-4-3 (Groundball, 56, EV 106.3 MPH)
Batting: LHB Ricky Nieto 0-0: SOLO HOME RUN (Flyball, 9D, EV 96.9 MPH), Distance : 376 ft
Batting: LHB Danny Grimes 0-0: Swinging Strike
0-1: Ball
1-1: Called Strike
1-2: Foul Ball, location: 2F
1-2: Ball
2-2: Fly out, F9 (Flyball, 9, EV 89.4 MPH)
Bottom of the 7th over - 1 run, 1 hit, 0 errors, 0 left on base; Syracuse 3 - Scranton WB 5
TOP OF THE 8TH
Syracuse Chiefs batting - Pitching for Scranton WB RailRiders : RHP Elijah Wood
Pitching: RHP David Hanks
Batting: RHB Omar Flores 0-0: Foul Ball, location: 9LDF
0-1: Ball
1-1: Ball
2-1: Ground out 6-3 (Groundball, 6S, EV 91.9 MPH)
Batting: LHB Jesus Medrano 0-0: Ground out 5-3 (Groundball, 5, EV 96.9 MPH)
Batting: RHB Ryan Carey 0-0: Foul Ball, location: 2F
0-1: Called Strike
0-2: Fly out, F3 (Popup, 3S, EV 74.4 MPH)
Top of the 8th over - 0 runs, 0 hits, 0 errors, 0 left on base; Syracuse 3 - Scranton WB 5
BOTTOM OF THE 8TH
Scranton WB RailRiders batting - Pitching for Syracuse Chiefs : LHP Manny Arellano
Pitching: RHP Sean Edmonds
Batting: RHB Jeremy Boland 0-0: Foul Ball, location: 2F
0-1: Foul Ball, location: 7LDF
0-2: SINGLE (Groundball, 6MD, EV 98.1 MPH)
Batting: LHB Jesus Canales 0-0: Ball
1-0: Foul Ball, location: 7LDF
1-1: Ball
2-1: Foul Ball, location: 25FF
2-2: Foul Ball, location: 3F
2-2: Ball
3-2: 2-RUN HOME RUN (Flyball, 8LXD, EV 111.3 MPH), Distance : 419 ft
Batting: RHB Ryan Ginsburg 0-0: Called Strike
0-1: Foul Ball, location: 2F
0-2: Ground out 1-3 (Groundball, 15, EV 73.8 MPH)
Batting: RHB Matt Null 0-0: Ball
1-0: Swinging Strike
1-1: Swinging Strike
1-2: Strikes out looking
Batting: LHB Ricky Delgado 0-0: Fly out, F7 (Flyball, 7D, EV 105.0 MPH)
Bottom of the 8th over - 2 runs, 2 hits, 0 errors, 0 left on base; Syracuse 3 - Scranton WB 7
TOP OF THE 9TH
Syracuse Chiefs batting - Pitching for Scranton WB RailRiders : RHP David Hanks
Batting: RHB Mike Hoffman 0-0: Called Strike
0-1: Called Strike
0-2: Ball
1-2: Strikes out swinging
Batting: RHB Steve Miles 0-0: Called Strike
0-1: DOUBLE (Flyball, 78XD, EV 96.3 MPH)
Batting: LHB Gene Ratcliff 0-0: Called Strike
0-1: Called Strike
0-2: Foul Ball, location: 2F
0-2: Strikes out swinging
Batting: RHB Faical Giraldes 0-0: Ball
1-0: Foul Ball, location: 5FF
1-1: Ball
2-1: Foul Ball, location: 2F
2-2: Strikes out swinging
Top of the 9th over - 0 runs, 1 hit, 0 errors, 1 left on base; Syracuse 3 - Scranton WB 7
Thursday, May 16th , 2024 - OOTP Baseball 24.11 Build 85